 Dungeon Sprint DCSS version 0.26-a0-690-gcb57259078 (webtiles) character file.

Game seed: 9211618732216330257

46 olmar the Skirmisher (level 3, 0/37 HPs)
             Began as a Minotaur Fighter on Oct 23, 2020.
             Was an Initiate of Gozag.
             Slain by a gnoll
             ... wielding a cursed -3 spear
              (4 damage)
             ... in the Dungeon (Sprint VII: "The Pits").
             The game lasted 00:01:08 (79 turns).

olmar the Skirmisher (Minotaur Fighter)               Turns: 79, Time: 00:01:08

Health: 0/37       AC:  7    Str: 21    XL:     3   Next: 44%
Magic:  2/2        EV:  7    Int:  5    God:    Gozag
Gold:   180        SH: 10    Dex:  9    Spells: 2/2 levels left

rFire    . . .     SeeInvis .   a - +0 flail
rCold    . . .     Faith    .   c - +0 kite shield
rNeg     . . .     Spirit   .   b - +0 scale mail
rPois    .         Reflect  .   (helmet restricted)
rElec    .         Harm     .   (no cloak)
rCorr    .         Rampage  .   (no gloves)
MR       .....     NoTele   +   (no boots)
Stlth    ..........             (no amulet)
HPRegen  0.12/turn              (no ring)
MPRegen  0.08/turn              (no ring)

@: gold aura, berserk cooldown, slowed, very slow
A: retaliatory headbutt, horns 2
a: Potion Petition, Call Merchant, Bribe Branch, Renounce Religion


You were in the Dungeon.
You worshipped Gozag.
Gozag was aware of your devotion.
You visited 1 branch You collected 180 gold pieces.

Inventory:

Hand Weapons
 a - a +0 flail (weapon)
 k - a +2 mace
Armour
 b - a +0 scale mail (worn)
 c - a +0 kite shield (worn)
Scrolls
 j - a scroll of blinking
 m - 3 scrolls of remove curse
 n - 5 scrolls of amnesia
 o - a scroll of summoning
Potions
 d - a potion of might
 e - a potion of curing
 f - a potion of heal wounds
 g - a potion of haste
 h - 4 potions of magic
 i - 2 potions of berserk rage
 l - 2 potions of invisibility


   Skills:
 + Level 5.7 Fighting
 + Level 4.1 Maces & Flails
 + Level 5.6 Armour
 + Level 5.5 Shields


You had 2 spell levels left.
You didn't know any spells.
Your spell library was empty.

Dungeon Overview and Level Annotations

Branches:
Dungeon (1/1)

Altars:
Ashenzari
Cheibriados
Dithmenos
Elyvilon
Fedhas
Gozag
Hepliaklqana
Kikubaaqudgha
Makhleb
Nemelex Xobeh
Okawaru
Qazlal
Ru
Sif Muna
Trog
Uskayaw
Vehumet
Wu Jian
Xom
Yredelemnul
Zin
The Shining One
Beogh
Jiyva
Lugonu


Innate Abilities, Weirdness & Mutations

You reflexively headbutt those who attack you in melee.
You have a pair of horns on your head.


Message History

You closely miss the river rat. You headbutt the river rat.
The river rat is heavily wounded.
You are no longer berserk.
You are exhausted.
You feel yourself slow down.
The gnoll is no longer distracted by gold.
You block the jackal's attack.
The jackal bites you but does no damage.
You block the gnoll's attack.
The gnoll becomes distracted by the nearby gold, dreaming of imaginary riches.
The river rat bites you!
* * * LOW HITPOINT WARNING * * *
You thump the river rat!
You kill the river rat!
Your Maces & Flails skill increases to level 4!
The gnoll is no longer distracted by gold.
You block the jackal's attack. x2; The jackal closely misses you.
The gnoll hits you from afar with a cursed -3 spear.
You die...
Your body crumbles into a pile of gold.

#_______...###########++
##########'##...........
#.?(.')))'.##......#..#
##########.##..........
#...........'...........
+#####'#####......#..#.
#.)#).##...........
+..'..#####'#####+
####@###.......#
#....g$hh##.......#
#....gg..##.......#
#####+#####...<...#
#.......# #.......#
#.......# #########


You could see a gnoll shaman, 2 gnolls and 2 jackals.

Vanquished Creatures
  2 gnolls (D)
  A river rat (D)
  An ufetubus (D)
  An ooze (D)
  A giant cockroach (D)
  A goblin (D)
  A hobgoblin (D)
  A jackal (D)
9 creatures vanquished.

Notes
Turn   | Place    | Note
-------+----------+-------------------------------------------
     0 | D        | olmar the Minotaur Fighter began the quest for the Orb.
     0 | D        | Reached XP level 1. HP: 19/19 MP: 0/0
    13 | D        | Found a bloodstained altar of Trog.
    13 | D        | Found a shimmering blue altar of Sif Muna.
    13 | D        | Found a viscous altar of Jiyva.
    13 | D        | Found a hazy altar of Hepliaklqana.
    13 | D        | Found an opulent altar of Gozag.
    14 | D        | Found a glowing golden altar of the Shining One.
    14 | D        | Found a glowing silver altar of Zin.
    14 | D        | Found a basalt altar of Yredelemnul.
    14 | D        | Found a shimmering altar of Xom.
    14 | D        | Found an ornate altar of the Wu Jian Council.
    14 | D        | Found a sacrificial altar of Ru.
    14 | D        | Found a stormy altar of Qazlal.
    14 | D        | Found an iron altar of Okawaru.
    14 | D        | Found a sparkling altar of Nemelex Xobeh.
    14 | D        | Found a burning altar of Makhleb.
    14 | D        | Found a blossoming altar of Fedhas.
    14 | D        | Found a white marble altar of Elyvilon.
    14 | D        | Found a shadowy altar of Dithmenos.
    14 | D        | Found a snail-covered altar of Cheibriados.
    15 | D        | Found a radiant altar of Vehumet.
    15 | D        | Found a corrupted altar of Lugonu.
    15 | D        | Found a roughly hewn altar of Beogh.
    16 | D        | Found an ancient bone altar of Kikubaaqudgha.
    16 | D        | Found a hide-covered altar of Uskayaw.
    16 | D        | Found a broken altar of Ashenzari.
    18 | D        | Became a worshipper of Gozag Ym Sagoz the Greedy
    52 | D        | Reached XP level 2. HP: 28/28 MP: 1/1
    70 | D        | Reached skill level 5 in Fighting
    70 | D        | Reached skill level 5 in Armour
    70 | D        | Reached skill level 5 in Shields
    75 | D        | Reached XP level 3. HP: 16/36 MP: 2/2
    79 | D        | Slain by a gnoll

Illustrated notes

Levels and vault maps discovered:
D:        pitsprint [storerooms_1, entrance_room_1, metal_vault_8, armoury_1,
          mini_pit_1, grid_room_1, main_hall_1, silver_pit, the_coven_2,
          the_vestibule_1, steel_vault_1, golden_pit, hallway_of_sentries,
          crystal_vault_2, iron_vault_5, final_vault]

Skill      XL: |  1  2  3 |
---------------+----------+-----
Fighting       | 4 5 |  5.7
Armour         | 4 5 |  5.6
Shields        | 4 5 |  5.5
Maces & Flails | 3 4 |  4.1

Action                   || total
-------------------------++-------
Melee: Flail             ||    22
       Headbutt          ||     3
  Use: Potion            ||     1
Armor: Scale mail        ||     8
Dodge: Dodged            ||     8
Block: Kite shield       ||    17

Table legend: (Time is in decaauts)
 A = Elapsed time spent in this place.
 B = Non-inter-level travel time spent in this place.
 C = Inter-level travel time spent in this place.
 D = Time resting spent in this place.
 E = Time spent auto-exploring this place.
 F = Levels seen in this place.
 G = Mean time per level.
                   A        B        C        D        E       F      G
               +--------+--------+--------+--------+--------+-----+--------+
         Total |     79 |     40 |     39 |      0 |      0 |   1 |   79.0 |
       Dungeon |     79 |     40 |     39 |      0 |      0 |   1 |   79.0 |
               +--------+--------+--------+--------+--------+-----+--------+

Top non-repeatable levels by time:
       D: 79 daAuts
